 Seeded DCSS version 0.28.0-43-g3370ac3207 (webtiles) character file.

Game seed: 69420690 (custom seed)

3167 prospektor the Carver (level 9, -8/81 HPs)
             Began as a Minotaur Berserker on Mar 3, 2022.
             Was a Priest of Trog.
             Mangled by a gnoll sergeant
             ... wielding a +6 trident of protection
              (11 damage)
             ... on level 7 of the Dungeon.
             The game lasted 00:36:28 (7367 turns).

prospektor the Carver (Minotaur Berserker)          Turns: 7367, Time: 00:36:28

Health: -8/81      AC: 15    Str: 25    XL:     9   Next: 63%
Magic:  8/8        EV: 12    Int:  4    God:    Trog [***...]
Gold:   231        SH:  0    Dex: 11    Spells: 8/8 levels left

rFire   . . .      SeeInvis .   v - +2 falchion (protect)
rCold   . . .      Faith    .   (no shield)
rNeg    . . .      Spirit   .   r - +0 scale mail
rPois   .          Reflect  .   (helmet restricted)
rElec   .          Harm     .   (no cloak)
rCorr   .          Rampage  .   (no gloves)
Will    ++...                   (no boots)
Stlth   ..........              (no amulet)
HPRegen 1.23/turn               (no ring)
MPRegen 0.11/turn               (no ring)

@: strong-willed, under a protective aura, on berserk cooldown, regenerating,
slowed, very slow
A: horns 2, retaliatory headbutt
a: Renounce Religion, Berserk, Trog's Hand


You were on level 7 of the Dungeon.
You worshipped Trog.
Trog was most pleased with you.
You visited 2 branches of the dungeon, and saw 8 of its levels.

You collected 231 gold pieces.

Inventory:

Hand Weapons
 a - a +0 hand axe
 l - a +0 long sword
 s - a +0 war axe
 t - a +1 falchion of freezing
 v - a +2 falchion of protection (weapon)
 B - the +4 dagger "Rabest" {protect, Str+3}
   (You found it on level 5 of the Dungeon)

   It grants its wielder temporary protection when it strikes (+7 to AC).
   Str:       It affects your strength (+3).
Armour
 b - a +0 animal skin
 j - a +0 pair of boots
 k - a +0 ring mail
 r - a +0 scale mail (worn)
 w - a +1 animal skin
 x - the +0 helmet "Essankeo" {Regen+ Str+3}
   (You took it off Robin on level 3 of the Dungeon)

   Str:       It affects your strength (+3).
   Regen:     It increases your rate of health regeneration.
Jewellery
 H - a ring of poison resistance
Wands
 A - a wand of mindburst (10)
 F - a wand of digging (7)
 G - a wand of flame (18)
Scrolls
 c - a scroll of immolation {unknown}
 d - 2 scrolls of summoning {unknown}
 g - 5 scrolls of identify {unknown}
 h - 3 scrolls of magic mapping {unknown}
 i - 2 scrolls of teleportation {unknown}
 n - a scroll of vulnerability {unknown}
 o - 2 scrolls of blinking {unknown}
 y - 2 scrolls of enchant weapon {unknown}
 D - a scroll of fear {unknown}
Potions
 e - 2 potions of flight {unknown}
 f - a potion of might {unknown}
 m - 3 potions of brilliance {unknown}
 p - a potion of lignification {unknown}
 q - a potion of resistance {unknown}
 u - 2 potions of curing
 z - 2 potions of degeneration {unknown}
 C - 4 potions of heal wounds
 E - a potion of attraction {unknown}
 I - a potion of ambrosia {unknown}


   Skills:
 + Level 8.2 Fighting
 + Level 9.6 Long Blades
 + Level 5.6 Axes
 + Level 8.4 Armour
 + Level 5.1 Dodging
 + Level 1.4 Stealth


You had 8 spell levels left.
You didn't know any spells.
Your spell library contained the following spells:

 Spells                   Type           Power      Damage    Failure   Level
 Animate Skeleton         Necr           0%         N/A       77%         1
 Apportation              Tloc           0%         N/A       77%         1
 Summon Small Mammal      Summ           0%         N/A       77%         1
 Sublimation of Blood     Necr           0%         N/A       88%         2
 Wereblood                Tmut           0%         N/A       88%         2
 Gell's Gravitas          Tloc           0%         N/A       98%         3
 Stone Arrow              Conj/Erth      0%         3d7       98%         3
 Teleport Other           Tloc           0%         N/A       98%         3
 Animate Armour           Summ/Erth      0%         N/A       100%        4
 Dispersal                Tloc           0%         N/A       100%        6
 Summon Hydra             Summ           0%         N/A       100%        7
 Lehudib's Crystal Spear  Conj/Erth      0%         10d2      100%        8


Dungeon Overview and Level Annotations

Branches:
Dungeon (7/15)             Temple (1/1) D:6

Altars:
Dithmenos
Fedhas
Gozag
Hepliaklqana
Makhleb
Nemelex Xobeh
Qazlal
Sif Muna
Trog
Uskayaw
Yredelemnul
Zin
The Shining One

Shops:
D:5 *


Innate Abilities, Weirdness & Mutations

You have a pair of horns on your head.
You reflexively headbutt those who attack you in melee.


Message History

The centaur completely misses you. You furiously retaliate!
You headbutt the centaur. The centaur barely misses you.
The gnoll sergeant completely misses you.
The gnoll hits you from afar with a +0 spear.
* * * LOW HITPOINT WARNING * * *
The orc wizard casts a spell.
The orc wizard flickers and vanishes!
Deactivating autopickup; reactivate with Ctrl-A.
The orc priest begins to cast a cantrip, but forgets the words!
The centaur hits you but does no damage.
The centaur kicks you but does no damage.
The gnoll sergeant hits you from afar with a +6 trident of protection.
* * * LOW HITPOINT WARNING * * *
You slash the orc priest!
You kill the orc priest!
Trog accepts your kill.
The centaur hits you but does no damage.
The centaur kicks you but does no damage.
The gnoll barely misses you.
A magic dart appears from out of thin air!
The magic dart hits you!
* * * LOW HITPOINT WARNING * * *
The centaur hits you but does no damage.
The centaur kicks you but does no damage.
The gnoll sergeant hits you from afar with a +6 trident of protection.
* * * LOW HITPOINT WARNING * * *
The gnoll misses you.
The centaur hits you but does no damage.
The centaur kicks you but does no damage.
The gnoll sergeant hits you but does no damage.
The gnoll barely misses you. The centaur closely misses you.
The centaur barely misses you. Something hits you.
* * * LOW HITPOINT WARNING * * *
Items here: ))) [ †††.
You closely miss the centaur. You headbutt the centaur!
The centaur is almost dead.
The centaur hits you but does no damage.
The centaur kicks you but does no damage.
The gnoll sergeant hits you from afar with a +6 trident of protection!
You die...

................
................
................
................
#...............
#............. ####.gg#
#..#c{.###### #
##.#@.>.....#.# ###
###.#†)#####.#.# #.##
#.#.#.)........# #..#
###.#'#.†....#.#####
#..###......#####.......#
#...........'.......###.#
####........#####...#
#........# #...#
#..(.....#####...#


You could see a gnoll sergeant, a centaur and a gnoll.

Vanquished Creatures
  Maggie (D:6)
  Prince Ribbit (D:7)
  Menkaure (D:6)
  A water moccasin (D:4)
  2 sky beasts (D:7)
  An ice beast (D:5)
  A black bear (D:5)
  3 ogres
  2 phantoms
  2 centaurs
  A bullfrog (D:7)
  3 scorpions
  A water moccasin zombie (D:4)
  4 killer bees (D:4)
  4 howler monkeys
  4 bullfrog zombies
  A centaur zombie (D:7)
  An orc priest (D:7)
  3 hounds
  4 jellies
  A bullfrog skeleton (D:6)
  A centaur skeleton (D:6)
  A scorpion zombie (D:4)
  Terence (D:3)
  An iguana (D:5)
  Ijyb (D:5)
  2 orc wizards (D:7)
  A killer bee zombie (D:6)
  A hound zombie (D:4)
  A hound skeleton (D:4)
  A howler monkey zombie (D:7)
  Robin (D:3)
  9 gnolls
  A howler monkey skeleton (D:5)
  8 adders
  A shadow imp (D:7)
  A white imp (D:5)
  2 adder skeletons (D:4)
  A worm (D:3)
  4 dart slugs
  9 orcs
  11 endoplasms
  A giant cockroach (D:2)
  6 goblins
  9 hobgoblins
  3 jackals (D:1)
  2 quokkas
  4 ball pythons
  3 bats
  7 frilled lizards
  5 kobolds
  5 rats
146 creatures vanquished.

Vanquished Creatures (others)
  A ball python (D:4)
1 creature vanquished.

Grand Total: 147 creatures vanquished

Notes
Turn   | Place    | Note
-------+----------+-------------------------------------------
     0 | D:1      | prospektor the Minotaur Berserker began the quest for the
                  | Orb.
     0 | D:1      | Reached XP level 1. HP: 19/19 MP: 0/0
   332 | D:1      | Reached XP level 2. HP: 27/27 MP: 1/1
   894 | D:1      | HP: 1/27 [hobgoblin (5)]
  1490 | D:1      | You fall into a shaft and drop 1 floor!
  1501 | D:2      | Reached XP level 3. HP: 33/33 MP: 2/2
  1656 | D:2      | Reached ** piety under Trog
  1714 | D:2      | Found a faded altar of an unknown god.
  2477 | D:3      | Noticed Terence
  2484 | D:3      | Killed Terence
  2485 | D:3      | Reached skill level 5 in Axes
  2485 | D:3      | Reached XP level 4. HP: 41/41 MP: 3/3
  3019 | D:3      | Identified the +0 helmet "Essankeo" {Regen+ Str+3}
  3019 | D:3      | Noticed Robin
  3035 | D:3      | Killed Robin
  3663 | D:4      | Reached XP level 5. HP: 36/47 MP: 4/4
  3686 | D:4      | Reached skill level 1 in Long Blades
  3691 | D:4      | Reached skill level 5 in Fighting
  3691 | D:4      | Found a basalt altar of Yredelemnul.
  3800 | D:4      | Noticed a centaur
  3806 | D:4      | Killed a centaur
  3807 | D:4      | Reached skill level 2 in Long Blades
  3807 | D:4      | Reached XP level 6. HP: 56/56 MP: 5/5
  3923 | D:4      | Reached *** piety under Trog
  3952 | D:4      | Reached skill level 3 in Long Blades
  4213 | D:4      | Reached skill level 4 in Long Blades
  4282 | D:4      | Noticed a water moccasin
  4294 | D:4      | Reached XP level 7. HP: 62/62 MP: 6/6
  4301 | D:4      | Reached skill level 5 in Long Blades
  5013 | D:5      | Entered Level 5 of the Dungeon
  5013 | D:5      | Found Ciupt's Assorted Antiques.
  5064 | D:5      | Noticed Ijyb
  5079 | D:5      | Reached skill level 5 in Armour
  5089 | D:5      | Killed Ijyb
  5090 | D:5      | Reached skill level 6 in Long Blades
  5141 | D:5      | Identified the +4 dagger "Rabest" {protect, Str+3}
  5172 | D:5      | Reached XP level 8. HP: 36/71 MP: 7/7
  5245 | D:5      | Found a shadowy altar of Dithmenos.
  5470 | D:5      | Reached skill level 7 in Long Blades
  5535 | D:5      | Identified the +0 helmet of Love and Death {+Blink rCorr}
  5672 | D:5      | Reached skill level 1 in Stealth
  6106 | D:6      | Reached skill level 8 in Long Blades
  6140 | D:6      | Noticed Maggie
  6147 | D:6      | Noticed Menkaure
  6159 | D:6      | Killed Menkaure
  6166 | D:6      | Reached XP level 9. HP: 55/79 MP: 8/8
  6166 | D:6      | Killed Maggie
  6379 | D:6      | Found a staircase to the Ecumenical Temple.
  6389 | D:6      | Found a glowing silver altar of Zin.
  6549 | D:6      | Found a glowing golden altar of the Shining One.
  6817 | Temple   | Entered the Ecumenical Temple
  7302 | D:7      | Noticed Prince Ribbit
  7312 | D:7      | Reached skill level 9 in Long Blades
  7318 | D:7      | Reached **** piety under Trog
  7327 | D:7      | Reached skill level 5 in Dodging
  7347 | D:7      | Killed Prince Ribbit
  7365 | D:7      | HP: 2/81 [gnoll sergeant/+6 trident of protection (5)]
  7367 | D:7      | Mangled by a gnoll sergeant

Illustrated notes

Levels and vault maps discovered:
D:1:      wheals_arrival_linesprint, layout_loops_ring, serial_aquarium,
          aquarium_bridge_square [aquarium_subvault_bridge,
          aquarium_subvault_bridge, aquarium_subvault_bridge,
          aquarium_subvault_window], aquarium_bridge_square
          [aquarium_subvault_window, aquarium_subvault_bridge,
          aquarium_subvault_wall, aquarium_subvault_window],
          aquarium_window_corner, aquarium_window_corner, aquarium_view_2b,
          aquarium_balcony_double_1, aquarium_pool_2, minivault_19
D:2:      layout_loops_ring, ebering_ecumenical_altar_box
D:3:      layout_basic, minmay_misc_feat_rows, uniq_robin, uniq_terence
D:4:      layout_loops_ring, nicolae_yredelemnul_corpse_copse,
          lemuel_old_faithful
D:5:      layout_cave_pools, lemuel_doored_altar, nicolae_stop_n_shop_1,
          uniq_ijyb
D:6:      layout_cave_pools, mainiacjoe_overflow_catwalk, pf_just_have_faith,
          minmay_temple_entry_crystal_x, uniq_menkaure, uniq_maggie
D:7:      minmay_razor_zed, layout_basic, pdpol_wu_jian_five_deadly_venoms,
          grunt_temple_overflow_open, minmay_crystal_room, st_stairs_11,
          uniq_prince_ribbit1
Temple:   cyrus_circular_temple

Skill      XL: |  1  2  3  4  5  6  7  8  9 |
---------------+----------------------------+-----
Axes           | 4 5 |  5.6
Fighting       | 4 5 6 7 8 |  8.2
Armour         | 3 4 5 7 8 |  8.4
Long Blades    | 2 4 6 8 9 |  9.6
Dodging        | 3 4 5 |  5.1
Stealth        | 1 |  1.4

Action                   |  1- 3 |  4- 6 |  7- 9 || total
-------------------------+-------+-------+-------++-------
Melee: Hand axe          |    86 |    22 |       ||   108
       Headbutt          |     9 |    14 |    45 ||    68
       Falchion          |       |    86 |   218 ||   304
Invok: Berserk           |     1 |     2 |     4 ||     7
       Trog's Hand       |       |       |     2 ||     2
  Use: Potion            |       |       |     1 ||     1
Armor: Animal skin       |     6 |       |       ||     6
       Ring mail         |     5 |     6 |       ||    11
       Scale mail        |       |    53 |   190 ||   243
Dodge: Dodged            |    62 |    77 |   238 ||   377
